Workbook

Sheet Income Statement
A1: BUDGET CODE | B1: INCOME / EXPENSE CATEGORY | C1: 2019-2020 YTD Actuals | D1: 2020-2021 YTD Actuals | E1: YTD Actuals As Of April 2022 | F1: 2021-2022 FORECAST | G1: 2022-2023 BUDGET | H1: 2022-2023 BUDGET NOTES | I1: 2021-2022 FORECAST NOTES
B2: INCOME
A3: 1001 | B3: General Fundraiser Income: | C3: 11787.49 | D3: 3064.62 | E3: 5635.58 | F3: =SUM(F4:F12) -> 7197.98 | G3: =SUM(G4:G12) -> 8000
A4: 1001c | B4: Bingo | C4: 490 | D4: 0 | E4: 0 | G4: N/A | H4: Is Bingo happening and any % for STMAA or just students
A5: 1001a | B5: Gift Card / Ornament / Band Swag Drawing | C5: 355 | D5: 0 | E5: 0 | G5: 250 | H5: Coordinate drawing to coincide with Winter concert and holiday Jazz or Parent / Family Meeting in Fall
A6: 1001d | B6: Spirit Books | C6: 3988 | D6: 0 | E6: 0 | I6: See Double Good Popcorn
A7: 1001e | B7: See's Fall Fundraiser | C7: 0 | D7: 474.12 | E7: 0 | F7: 300.4 | G7: 250 | H7: Possible individual fundraiser if parent volunteer run | I7: No Fleetweek Competition - See's Fundraiser 11/15-11/30/21. Have not received valid check as of 4/30/22
A8: 1001j | B8: Driven Coffee Roasters | C8: 1983.1 | D8: 0 | E8: 397.58 | F8: 397.58 | G8: 400 | H8: Profit to individual student charm's account | I8: Actual profit 10/25-11/7/21
A9: 1001k | B9: Double Good Popcorn - Fall & Spring | C9: 0 | D9: 2000 | E9: 3316 | F9: 4500 | G9: 4500 | H9: Profit to individual student charm's account | I9: Actual profit 9/17-9/21/21. Possible May 2022 Doublegood Fundraiser
A10: 1001m | B10: Applebee's pancake breakfast | C10: 1211.39 | D10: 0 | E10: 0 | G10: 600
A11: 1001h | B11: Mattress Fundraiser (General) / Hibernate (Individual) | C11: 2805 | D11: 590.5 | E11: 1922 | F11: 2000 | G11: 2000 | I11: Mattress (Jan 2022) and Hibernate (April 2022)
A12: 1001f | B12: Spring Fundraiser (See DG Popcorn above) | C12: 955 | D12: 0 | E12: 0
A13: 1002 | B13: Concert ticket sales | C13: 2354.88 | D13: 0 | E13: 969.63 | F13: =SUM(F14:F18) -> 1719 | G13: =SUM(G14:G18) -> 1850
A14: 1002a | B14: Holiday jazz event / Poinsettia Sales | C14: 1014.88 | D14: 0 | E14: 333.2 | F14: 333 | G14: 250 | H14: Donations / Concessions/ Mdse | I14: December 2021
A15: 1002c | B15: Spring Jazz Concert | C15: -700 | D15: 0 | E15: 0 | F15: 500 | G15: 500 | H15: Tabard Theatre - Net ticket sale profit after rental of theatre | I15: May 2022 - Tabard Theatre - 5/25
A16: 1002d | B16: Fall Concert | C16: 749.75 | D16: 0 | E16: 0 | G16: 100 | H16: Donations only | I16: N/A in 2021
A17: 1002e | B17: Winter Concert / Poinsettia Sales | C17: 1290.25 | D17: 0 | E17: 636.43 | F17: 636 | G17: 750 | H17: Donations / Concessions/ Mdse | I17: December 2021
A18: 1002f | B18: Spring Concert | C18: 0 | D18: 0 | E18: 0 | F18: 250 | G18: 250 | H18: Donations / Concessions/ Mdse | I18: May 2022 - 5/16 & 5/17
A19: 1007 | B19: Music in the Parks Concessions | C19: 0 | D19: 0 | E19: 230 | F19: =230+100+100+200 -> 630 | G19: 650 | I19: APRIL / MAY 2022 - Concession with pre-packaged items - 3 Days in March ($230). Forecasting profit per day for 5/7 ($100), 5/14 ($100), 5/21 ($200)?
A20: 1015 | B20: Music Marathon / Vertical Raise | C20: 29389.88 | D20: 12368 | E20: 22880 | F20: =15880+7000 -> 22880 | G20: 31705 | I20: Updated to $15,880 for Vertical Raise and $7000 for Music Marathon / Silent Auction
A21: 1016 | B21: eScrip | C21: 0.82 | D21: 0.57 | E21: 0.35
A22: 1017 | B22: Amazonsmile | C22: 355.25 | D22: 293.8 | E22: 292.14 | F22: 292 | G22: 300
A23: 1020 | B23: Music in the Parks festival hosting | C23: 0 | D23: 0 | E23: 0 | F23: 2500 | G23: =500+1000+1500 -> 3000 | H23: 3 Dates: $500, $1000, $1500 | I23: 3/16/22 Contract Revision - 5/7 ($500), 5/14 ($500), 5/21 ($1500)
A24: 1021 | B24: Merchandise (Online store/FanCloth) | C24: 2465.54 | D24: 30 | E24: 2913.71 | F24: 2914 | G24: 2500 | H24: Same designer for Rainforest to design 2022-2023 show wear. | I24: BSN Fancloth Sales + Rainforest Mdse cost and sales
A25: 1027 | B25: Dine-Outs | C25: 1301.26 | D25: 1387.63 | E25: 2380.84 | F25: 2381 | G25: 2500 | I25: AUGUST TO MAY- 1 Per Mth - Actual profit as of 4/30/22
A26: 1101 | B26: Concert Band/Symphonic/WindEnsemble | C26: 9900 | D26: 5075 | E26: 9700 | F26: 9700 | G26: =+'Student Contribution Forecast'!F4+'Student Contribution Forecast'!F5 -> 7571 | H26: Student Contribution Tab Calculation | I26: Based on April 2022 YTD Actuals
A27: 1102 | B27: Marching Band & Color Guard | C27: 50650 | D27: 9000 | E27: 37742.1 | F27: 37742 | G27: =+'Student Contribution Forecast'!F2 -> 43842.5 | H27: Student Contribution Tab Calculation | I27: Based on April 2022 YTD Actuals
A28: 1103 | B28: Jazz Bands | C28: 2775 | D28: 1870 | E28: 6750 | F28: 6750 | G28: =+'Student Contribution Forecast'!F6+'Student Contribution Forecast'!F9+'Student Contribution Forecast'!F10 -> 6130 | H28: Student Contribution Tab Calculation | I28: Based on April 2022 YTD Actuals
A29: 1104 | B29: Winter Guard | C29: 4500 | D29: 0 | E29: 13650 | F29: 13650 | G29: =+'Student Contribution Forecast'!F7+'Student Contribution Forecast'!F8 -> 14047.5 | H29: Student Contribution Tab Calculation | I29: Based on April 2022 YTD Actuals
A30: 1105 | B30: Winter Percussion | E30: 7950 | F30: 7950 | G30: =+'Student Contribution Forecast'!F11 -> 9100 | H30: Student Contribution Tab Calculation | I30: Based on April 2022 YTD Actuals
A31: 1106 | B31: Donations to General Fund | C31: 1991 | D31: 8777.28 | E31: 1411 | F31: 1411 | I31: Actual donations as of 4/30/22
A32: 1107 | B32: Reserves (Misc Ledger) | C32: 8664.22 | D32: -9594.5 | E32: -6045.7 | F32: -6045.73 | G32: =F32 -> -6045.73 | H32: Money in Student's Charms Accounts | I32: Money in Student's Charms Accounts
A33: 1108 | B33: After School Music Programs | C33: 0 | D33: 0 | E33: 0
A34: 1109 | B34: Fleetweek Competition | C34: 2000 | D34: 0 | E34: 0 | F34: 0 | G34: 5000 | H34: Monday Oct 10th 2022: 1st place $10K, 2nd place $7K, 3rd place $5K, all others $2K | I34: No Fleetweek
B35: Income Totals | C35: =C3+C13+SUM(C19:C34) -> 128135.34 | D35: =D3+D13+SUM(D19:D34) -> 32272.4 | E35: =E3+E13+SUM(E19:E34) -> 106459.65 | F35: =F3+F13+SUM(F19:F34) -> 111671.25 | G35: =G3+G13+SUM(G19:G34) -> 130150.27
B37: EXPENDITURES
A38: 2303 | B38: Hotel WBA Championships | C38: 2233.05 | D38: 0 | E38: 0 | F38: 0 | G38: 0 | H38: Not Budgeting At This Time - $4600 - Nov 19-20, 2022 - Southern CA Hotel Fees - 23 Rooms: 17 students, 6 staff / bus driver, 1 Director @ $200 per room | I38: NOVEMBER - - MB Season will end 11/13/21 with the Logan Northern WBA Regional Champs- (Regional Championships - Day Trips. Budgeted below)
A39: 2304 | B39: Transportation | C39: 24560.97 | D39: 0 | E39: =SUM(E40:E54) -> 18066 | F39: =SUM(F40:F54) -> 21066.28 | G39: =SUM(G40:G54) -> 27375
A40: 2304a | B40: Sac State Super Show Comp Buses | C40: 2630 | D40: 0 | E40: 2900 | F40: 2900 | G40: 3000 | H40: 2 Buses (1 big / 1 small) - 11/5/22 | I40: Not attending 10/9 show. Using budget for WBA fees overage. Will attend an end of season exhibition benefit show. - 2 Buses
A41: 2304b | B41: Gilroy HS Comp Buses | C41: 2425 | D41: 0 | E41: 2480 | F41: 2480 | G41: 2700 | H41: 2 Buses (1 big / 1 small) - 10/15/22 | I41: Per Invoice
A42: 2304c | B42: Independence HS Comp Buses | C42: 2270 | D42: 0 | E42: 2400 | F42: 2400 | G42: 2700 | H42: 2 Buses (1 big / 1 small) - 10/29/22 | I42: Per Invoice
A43: 2304d | B43: Logan HS Comp Buses - WBA Regional | C43: 3819.08 | D43: 0 | E43: 1240 | F43: 1240 | G43: 2700 | H43: 2 Buses (1 big / 1 small) - 11/12/22 | I43: Per Invoice (Only used 1 bus)
A44: 2304e | B44: MB bus driver tips | C44: 0 | D44: 0 | E44: 200 | F44: 200 | G44: =8*25 -> 200 | H44: 8 bus drivers at $25 each | I44: $25 tip per day per event per driver out of Petty Cash -4 event days. Petty cash fund to be reimbursed at end of school year.
A45: 2304f | B45: Truck Rental/Gas | C45: 1918.75 | D45: 0 | E45: 5222 | F45: =2295+2927.28 -> 5222.28 | G45: 3500 | H45: No reserve for damage at this time. Truck & trailer rentals plus gas for 4 shows. Per Valdez: Possible increase due to alternate truck company and insurance. | I45: 1 Truck For Equipment & Uniforms - 5 event days PLUS Graffiti removal costs added + Monarch Damage Estimate of $2927.28
A46: 2304g | B46: Fleet Week Buses | C46: 2700 | D46: 0 | E46: 0 | F46: 0 | G46: 3000 | H46: 2 Buses (1 big / 1 small) - 10/10/22 | I46: 10/14/21 - Not attending Fleet Week. Doing a Veteran's Day event with carpooling. Using budget $ for MB Staff overage. Normally would use 2 buses
A47: 2304h | B47: Driver Tips WBA - Southern CA | C47: 0 | D47: 0 | E47: 0 | F47: 0 | G47: 0 | H47: Not budgeting at this time - $50 | I47: $25 tip per day per event per driver out of Petty Cash
A48: 2304i | B48: Transportation WBA Championships | C48: 6000 | D48: 0 | E48: 0 | F48: 0 | G48: 0 | H48: Not budgeting at this time - $8K - 2 Buses (1 big / 1 small) - 11/19-11/20/22 | I48: Normal WBA is 2 Event Days - overnight. Season ends 1 week earlier this year with Logan Northern WBA Regional Champs, so no budget this year.
A49: 2304j | B49: Truck Rental WBA Champ | C49: 1608.14 | D49: 0 | E49: 0 | F49: 0 | G49: 0 | H49: Not budgeting at this time - $2.5K - Truck, trailer + Gas | I49: Normal WBA is 2 Event Days - overnight. Not budgeting this year
A50: 2304k | B50: Spring bus driver tips | C50: 0 | D50: 0 | E50: 100 | F50: 100 | G50: 125 | I50: $25 tip per day per driver per event out of Petty Cash - 4 event days
A51: 2304l | B51: Santa Cruz Jazz Fest Bus | C51: 0 | D51: 0 | E51: 1984 | F51: 1984 | G51: 2000 | H51: 1 big bus - Seats 56 | I51: Invoice # 18210 - Cabrillo College On 3/19/22 - Jazz - 56 on bus 1
A52: 2304m | B52: Sonoma State Music For All Festival | C52: 0 | D52: 0 | E52: 0 | G52: 2700 | H52: 1 big bus - Seats 56 - Wind Ensemble only | I52: No Logan Band Festival- Normally 2 buses with 56 on each
A53: 2304o | B53: CMEA Amador Valley H.S. Buses | D53: 0 | E53: 0 | F53: 3000 | G53: 3000 | H53: 2 Buses (1 big / 1 small) | I53: AVHS on 4/30/22 - Concert, WE and Symphonic - 2 buses with 56 on each
A54: 2304p | B54: Campana Jazz Festival | C54: 1190 | D54: 0 | E54: 1540 | F54: 1540 | G54: 1750 | H54: 1 big bus - Seats 56 | I54: Invoice # 17708 - AVHS On 2/12/22 - Jazz - 56 on 1 bus
A55: 2602 | B55: Drummajor Camp | C55: 0 | D55: 0 | E55: 0 | F55: 0 | G55: 500 | H55: USA Drum Major Camp - 2 spots | I55: 10/14/21 - Using budget $ for MB Staff overage. Normally this is for 2 students
A56: 2603 | B56: Financial Aid | C56: 396 | D56: 0 | E56: 0
A57: 2618 | B57: Equipment/Supplies | C57: 26751.18 | D57: 2037.31 | E57: =SUM(E58:E68) -> 5402.59 | F57: =SUM(F58:F68) -> 5844 | G57: =SUM(G58:G68) -> 6700
A58: 2618a | B58: open | C58: 0 | D58: 0 | E58: 0
A59: 2618b | B59: misc equipment | C59: 174.79 | D59: 59.67 | E59: 425.76 | F59: 500 | G59: 500
A60: 2618c | B60: lease agreement | C60: 22574.75 | D60: 0 | E60: 0
A61: 2618e | B61: Rifles | C61: 190.81 | D61: 0 | E61: 0
A62: 2618f | B62: Show Flags | C62: 1419.02 | D62: 0 | E62: 1012.72 | F62: 1025 | G62: 2000 | I62: Includes Rainforest butterfly flags and replacement of broken flags
A63: 2618g | B63: Sabers | C63: 0 | D63: 0 | E63: 0
A64: 2618h | B64: Supplies-COLOR GUARD | C64: 117.98 | D64: 32.62 | E64: 0 | F64: 100 | G64: 200
A65: 2618 i | B65: MB Props | C65: 1211.38 | D65: 0 | E65: 1550.81 | F65: 1551 | G65: 1500
A66: 2618j | B66: Field Paint/Tape | C66: 355.95 | D66: 0 | E66: 168.35 | F66: 168 | G66: 500
A67: 2618k | B67: Flip Book Supplies | C67: 0 | D67: 0 | E67: 0
A68: 2618m | B68: Percussion Supplies | C68: 706.5 | D68: 1945.02 | E68: 2244.95 | F68: =2000+500 -> 2500 | G68: 2000 | I68: Changing heads For 6 snare, 5 base, and 4 sets of quads - $1500 2 Harness /Carriers - $250 each (2 possibly located at OGHS right now). Also purchased vibraphone mallets. New ipad needed for sound mixing. $500 moved from 5002d
A69: 2619 | B69: Uniforms/Apparel | C69: 7814.6 | D69: 930 | E69: =SUM(E70:E75) -> 9430.96 | F69: =SUM(F70:F75) -> 9431 | G69: =SUM(G70:G75) -> 8850
A70: 2619a | B70: Uniforms-COLOR GUARD | C70: 2809.62 | D70: 0 | E70: 2661.76 | F70: 2662 | G70: 3500 | I70: New CG Uniform
A71: 2619b | B71: MB Uniforms | C71: 0 | D71: 0 | E71: 3060.26 | F71: 3060 | G71: 1000 | H71: Traditional or 2021 Season Uniforms | I71: New MB Uniform
A72: 2619c | B72: Uniform Cleaning | C72: 900 | D72: 0 | E72: 810 | F72: 810 | G72: 1000
A73: 2619d | B73: Uniform Supplies | C73: 0 | D73: 0 | E73: 0
A74: 2619e | B74: Membership Shirts MB | C74: 3390.1 | D74: 930 | E74: 2095.9 | F74: 2096 | G74: 2500 | I74: Rainforest Show Shirts + Sales
A75: 2619f | B75: Orange/Blue Membership Shirts | C75: 714.88 | D75: 0 | E75: 803.04 | F75: 803 | G75: 850 | I75: Logo shirts for new students (60) and people that need to buy.
A76: 3007 | B76: Staff MB | C76: 28775 | D76: 14437.25 | E76: 33063 | F76: 33063 | G76: =+'Contractor Forecast'!D21 -> 34900 | H76: Contractor Tab Calculation
A77: 3008 | B77: Instrument Repairs/Supplies | C77: 450 | D77: 0 | E77: 109.55 | F77: 110 | G77: 500
A78: 3009 | B78: Music | C78: 645.99 | D78: 300 | E78: 1570 | F78: =1000+1000 -> 2000 | G78: 2000 | I78: Per Sanchez; $1000 moved from 5002c
A79: 3010 | B79: Support Staff | C79: =+C80+C81 -> 3076.6 | D79: =+D80+D81 -> 1078.03 | E79: =+E80+E81 -> 2891 | F79: =+F80+F81 -> 3500 | G79: =+G80+G81 -> 3000
A80: 3010a | B80: admin support | C80: 3076.6 | D80: 1078.03 | E80: 2891 | F80: 3500 | G80: 3000 | H80: Band assistant | I80: Per Sanchez; $1000 moved from 5002c
A81: 3010b | B81: charms financial system support | C81: 0 | D81: 0 | E81: 0
A82: 4003 | B82: Winter Programs | C82: =+C83+C84 -> 7609 | D82: =+D83+D84 -> 0 | E82: =SUM(E83:E84) -> 24608 | F82: =SUM(F83:F84) -> 25250 | G82: =SUM(G83:G84) -> 18000 | H82: Does NOT include competition fees, costumes, truck rental, supplies. | I82: Clinic 11/17/21 with Practice Starting Dec 2021 Competition Dates: 2/5, 2/26, 3/5, 3/26 & 4/2/22
A83: 4003a | B83: Winter Guard | C83: 7609 | D83: 0 | E83: 10069 | F83: 10100 | G83: =+'Contractor Forecast'!E21+'Winter Program Non Staff Exps'!B16 -> 7000 | H83: Contractor Cost Only | I83: DECEMBER TO APRIL - 1 instructor + 1 assistant
A84: 4003b | B84: Winter Percussion | C84: 0 | D84: 0 | E84: 14539 | F84: 15150 | G84: =+'Contractor Forecast'!F21+'Winter Program Non Staff Exps'!C16 -> 11000 | H84: Contractor Cost Only | I84: Contractors $10K + Music $2K, Truck Rental and Materials - No student transportation
A85: 4004 | B85: Jr Saints | C85: 167.05 | D85: 0 | E85: -150 | F85: 150 | G85: 0 | I85: Homecoming Jr. Saint T-shirt sales. Need to order 30 white Jr. Saint shirts from Screened Magic prior to end of school year.
A86: 5002 | B86: Staff Concert/Jazz | C86: 6075 | D86: 7590 | E86: =SUM(E87:E91) -> 2650 | F86: =SUM(F87:F91) -> 3500 | G86: =SUM(G87:G91) -> 5500
A87: 5002a | B87: day time sectionals | C87: 400 | D87: 930 | E87: 150 | F87: 1000 | G87: 500 | I87: Percussion technique instructor - 1x per week
A88: 5002c | B88: Instrument Clinicians | C88: 1375 | D88: 2040 | E88: 0 | F88: 0 | G88: 500 | I88: Per Sanchez: $1000 moved to 3010a and $1000 moved to 3009 - Sax ensemble, brass band, etc. 1x per week
A89: 5002d | B89: Jazz Clincians | C89: 4300 | D89: 4620 | E89: 2500 | F89: 2500 | G89: =+'Contractor Forecast'!G21 -> 4500 | H89: Contractor Tab Calculation | I89: Per Sanchez: Not forecasting any Jazz Combo / E.Heyenga expense. $500 moved to 2618m For ipad. Jazz Combo = E.Heyenga at 1x per wk and Jazz 2 = C.Lovejoy at 2x a week
A90: 5002e | B90: Misc | C90: 0 | D90: 0 | E90: 0
A91: 5002o | B91: Other Clinician | C91: 0 | D91: 0 | E91: 0
A92: 5003 | B92: Event/Recognition Expenses | C92: 407.5 | D92: 423.05 | E92: =SUM(E93:E100) -> 893 | F92: =SUM(F93:F100) -> 987 | G92: =SUM(G93:G100) -> 2200
A93: 5003a | B93: CMEA Plaques | C93: 0 | D93: 0 | E93: 0
A94: 5003b | B94: Student PINs MB Finals | C94: 315.7 | D94: 0 | E94: 287 | F94: 287 | G94: 350
A95: 5003c | B95: Senior Corsages (Homecoming/Last Concert) | C95: 0 | D95: 0 | E95: 0 | F95: 0 | G95: 100 | I95: Parent donated corsages
A96: 5003f | B96: Fleet week patches | C96: 0 | D96: 0 | E96: 0 | G96: 300
A97: 5003g | B97: MB Volunteer thank you | C97: 0 | D97: 0 | E97: 0 | F97: 0 | G97: 150 | I97: MB pictures, frog gummies and thank you cards donated by parent. Prior year: Custom Keychains by Joey - Lottiedrake@hotmail.com
A98: 5003i | B98: Graduation cords | C98: 91.8 | D98: 0 | E98: 153 | F98: 200 | G98: 200
A99: 5003j | B99: Varsity letters | C99: 0 | D99: 68.05 | E99: 0 | G99: 600 | H99: NEFF Varsity Letters: 48 * $10.75 each + Shipping | I99: Did not happen: Inventory on-site / Maybe have fundraiser to sell Black Varsity Jackets
A100: 5003k | B100: Student Awards | C100: 0 | D100: 355 | E100: 453 | F100: 500 | G100: 500 | I100: National Award Plaques: John Sousa combo, Louis Armstrong
A101: 6000 | B101: Competition Fees | C101: 1600 | D101: -565 | E101: =SUM(E102:E110) -> 4076 | F101: =SUM(F102:F110) -> 4077 | G101: =SUM(G102:G110) -> 4575
...

Sheet Student Contribution Forecast
A1: GROUP | C1: STUDENTS 2022-2023 | D1: CONTRIBUTIONS 2021-2022 | E1: Expected Contribution Rate % | F1: Total $ | G1: Budget Code
A2: Students - Marching Band (inc. Colorguard) | B2: Class | C2: 65 | D2: 950 | E2: =E23 -> 0.71 | F2: =+C2*D2*E2 -> 43842.5 | G2: 1102
A4: Students - Concert & Symphonic Band | B4: Class | C4: 50 | D4: 125 | E4: =E20 -> 0.68 | F4: =+C4*D4*E4 -> 4250 | G4: 1101
A5: Students - Wind Ensemble & Jazz I - WE ONLY | B5: Class | C5: 27 | D5: 150 | E5: =E25 -> 0.82 | F5: =+C5*D5*E5 -> 3321 | G5: 1101
A6: Students - Wind Ensemble & Jazz I -JAZZ 1 ONLY | B6: Class | C6: 12 | D6: 250 | E6: =E21 -> 0.57 | F6: =+C6*D6*E6 -> 1710 | G6: 1103
A7: Winter Guard (Varsity) | B7: Club | C7: 20 | D7: 650 | E7: =E27 -> 0.63 | F7: =+C7*D7*E7 -> 8190 | G7: 1104
A8: Winter Guard (JV) | B8: Club | C8: 15 | D8: 550 | E8: =E26 -> 0.71 | F8: =+C8*D8*E8 -> 5857.5 | G8: 1104
A9: Students - Jazz 2 | B9: Class | C9: 20 | D9: 250 | E9: =E22 -> 0.65 | F9: =+C9*D9*E9 -> 3250 | G9: 1103
A10: Jazz Combos | B10: Club | C10: 12 | D10: 150 | E10: 0.65 | F10: =+C10*D10*E10 -> 1170 | G10: 1103
A11: Winter Percussion | B11: Club | C11: 20 | D11: 700 | E11: 0.65 | F11: =+C11*D11*E11 -> 9100 | G11: 1105
E12: TOTAL | F12: =SUM(F2:F11) -> 80691
A16: Santa Teresa High School Band Student Fixed Payment Summary
A17: Prepared 4/3/2022 10:11 AM
A19: Item Name | B19: Item Amount | C19: Amt Expected | D19: Amt Collected | E19: %
A20: Concert Band | B20: 125 | C20: 3875 | D20: 2625 | E20: 0.68
A21: Jazz 1 | B21: 250 | C21: 5250 | D21: 3000 | E21: 0.57
A22: Jazz 2 | B22: 250 | C22: 5000 | D22: 3250 | E22: 0.65
A23: Marching Band and Color Guard | B23: 950 | C23: 53200 | D23: 37550 | E23: 0.71
A24: Symphonic Band | B24: 125 | C24: 2875 | D24: 2000 | E24: 0.7
A25: Wind Ensemble | B25: 150 | C25: 5850 | D25: 4800 | E25: 0.82
A26: Winter Guard JV | B26: 550 | C26: 7700 | D26: 5450 | E26: 0.71
A27: Winter Guard Varsity | B27: 650 | C27: 11700 | D27: 7400 | E27: 0.63
A28: Winter Percussion | B28: 600 | C28: 12000 | D28: 7650 | E28: 0.64
B29: Totals | C29: 107450 | D29: 73725 | E29: 0.69

Sheet Contractor Forecast
A1: Staff Member | B1: Last Name | C1: Position | D1: MB / CG $ - 3007 | E1: Winterguard $ - 4003A | F1: WinterPerc $ - 4003B | G1: Jazz $ - 5002d | H1: TOTAL
A2: Ryoken | B2: Apostol | C2: Visual / Drill Writer | F2: 2000 | H2: =SUM(D2:G2) -> 2000
A3: Benjamin | B3: Kane | C3: Music Instructor | D3: 2500 | H3: =SUM(D3:G3) -> 2500
A4: Anica | B4: Le | C4: Battery Tech | D4: 2500 | F4: 1500 | H4: =SUM(D4:G4) -> 4000
A5: Christine | B5: Lovejoy | C5: Jazz 2 | G5: 2500 | H5: =SUM(D5:G5) -> 2500
A6: Open | C6: Summer Percussion Instructor | D6: 700 | H6: =SUM(D6:G6) -> 700
A7: Elijah | B7: Morales | C7: Director | D7: 4500 | E7: 3000 | H7: =SUM(D7:G7) -> 7500
A8: Jerome | B8: Muynila | C8: Battery Tech | D8: 1500 | F8: 1500 | H8: =SUM(D8:G8) -> 3000
A9: Vivian | B9: Nguyen | C9: Front Ensemble | D9: 3000 | F9: 3000 | H9: =SUM(D9:G9) -> 6000
A10: Michaela | B10: Perez | C10: Percussion Caption | D10: 3200 | F10: 3000 | H10: =SUM(D10:G10) -> 6200
A11: Jacob | B11: Rocco | C11: Music Instructor | D11: 1500 | H11: =SUM(D11:G11) -> 1500
A12: Open | C12: Summer Colorguard | D12: 500 | H12: =SUM(D12:G12) -> 500
A13: Kristi | B13: Ryan | D13: 2500 | H13: =SUM(D13:G13) -> 2500
A14: Sean | B14: Ryan | D14: 500 | H14: =SUM(D14:G14) -> 500
A15: Shane | B15: Ryan | D15: 2000 | H15: =SUM(D15:G15) -> 2000
A16: Todd | B16: Ryan | D16: 3000 | H16: =SUM(D16:G16) -> 3000
A17: Joanna | B17: Salazar | C17: Technician | D17: 2500 | E17: 2000 | H17: =SUM(D17:G17) -> 4500
A18: Open | C18: Visual Technician | D18: 1750 | H18: =SUM(D18:G18) -> 1750
A19: Haneen | B19: Zain | C19: Technician | D19: 2750 | E19: 2000 | H19: =SUM(D19:G19) -> 4750
A20: Open - Jazz Combo Instructor | G20: 2000 | H20: =SUM(D20:G20) -> 2000
A21: Total BUDGET | D21: =SUM(D2:D19) -> 34900 | E21: =SUM(E2:E19) -> 7000 | F21: =SUM(F2:F19) -> 11000 | G21: =SUM(G2:G20) -> 4500 | H21: =SUM(H2:H20) -> 57400

Sheet Winter Program Non Staff Exps
B1: 4003A | C1: 4003B
B2: Winter Guard | C2: Winter Perc | D2: NOTES
A4: COSTUMING
A6: PRODUCTION
A8: CONSULTATION
A10: EQUIPMENT
A12: TRANSPORTATION
A14: COMPETITION FEES | D14: CCGC, NCPA Champs ($350), NCPA Show ($225)
A16: TOTAL | B16: =SUM(B4:B14) -> 0 | C16: =SUM(C4:C14) -> 0
A18: DATA NOT ENTERED AT THIS TIME
